 Dungeon Crawl Stone Soup version 0.23.2-1-ga50397a (webtiles) character file.

Game seed: 4866717924469393004

183 myga the Shield-Bearer (level 5, -2/49 HPs)
             Began as a Deep Dwarf Fighter on May 4, 2019.
             Slain by a worm (11 damage)
             ... on level 3 of the Dungeon.
             The game lasted 00:08:47 (2233 turns).

myga the Shield-Bearer (Deep Dwarf Fighter)         Turns: 2233, Time: 00:08:47

Health: -2/49      AC:  6    Str: 22    XL:     5   Next: 35%
Magic:  4/4        EV:  7    Int:  9    God:
Gold:   172        SH:  9    Dex: 13    Spells: 4/4 levels left

rFire    . . .     SeeInvis .   n - +0 war axe
rCold    . . .     Gourm    .   c - +0 shield
rNeg     . . .     Faith    .   b - +0 scale mail
rPois    .         Spirit   .   (no helmet)
rElec    .         Reflect  .   (no cloak)
rCorr    .         Harm     .   (no gloves)
MR       .....                  (no boots)
Stlth    ..........             (no amulet)
HPRegen  0.00/turn              j - +3 ring of strength
MPRegen  0.09/turn              (no ring)

@: non-regenerating, drained
A: damage resistance, heal wounds, sense surroundings 1, no regeneration
a: Heal Wounds


You were on level 3 of the Dungeon.
You were not hungry.

You visited 1 branch of the dungeon, and saw 3 of its levels.

You collected 172 gold pieces.

Inventory:

Hand Weapons
 a - a +0 long sword
 n - a +0 war axe (weapon)
 w - a +2 short sword of draining
Missiles
 k - 154 stones (quivered)
 l - 8 curare-tipped needles
 s - 4 needles of frenzy
 x - 35 poisoned needles
Armour
 b - a +0 scale mail (worn)
 c - a +0 shield (worn)
Jewellery
 j - a +3 ring of strength (left hand)
Scrolls
 h - a scroll of blinking {unknown}
 i - a scroll of identify {unknown}
 p - a scroll of teleportation {unknown}
 t - a scroll of remove curse {unknown}
 u - a scroll of magic mapping {unknown}
Potions
 d - a potion of might
 e - 2 potions of flight
 g - a potion of magic {unknown}
 m - a potion of lignification {unknown}
 o - a potion of mutation {unknown}
 q - a potion of curing {unknown}
 r - a potion of degeneration {unknown}
 z - a potion of heal wounds {unknown}
Comestibles
 f - 7 rations
 v - 3 chunks of flesh


   Skills:
 + Level 3.2(2.6) Fighting
 + Level 2.4(1.8) Long Blades
 + Level 2.5(1.9) Axes
 + Level 0.2(0.0) Throwing
 + Level 4.1(3.4) Armour
 + Level 1.1(0.5) Dodging
 + Level 4.4(3.7) Shields


You had 4 spell levels left.
You didn't know any spells.
Your spell library was empty.

Dungeon Overview and Level Annotations

Branches:
Dungeon (3/15)

Altars:
Trog
Wu Jian


Innate Abilities, Weirdness & Mutations

You are resistant to damage.
You can heal yourself by infusing magical energy.
You passively map a small area around you.
You do not regenerate.


Message History

The rat is no longer berserk.
The rat closely misses you. The worm bites you.
You slash the worm!
The worm is moderately wounded.
You slash the rat!
You kill the rat!
The worm barely misses you.
You barely miss the worm.
The worm is moderately wounded.
You block the worm's attack. The worm bites you but does no damage.
You hit the worm.
The worm is moderately wounded.
The worm is no longer berserk. x2; The worm bites you.
You barely miss the worm.
The worm is moderately wounded.
The worm bites you.
* * * LOW HITPOINT WARNING * * *
You slash the worm!
The worm is heavily wounded.
The worm bites you!
You die...

##'##..(......####.# #..####.
##...##.......##.##.# #..# #.
##.....####'####.....# #..####.
##.......###.##.#..##.# #....##.
#.........##......###.####.#...#.
'......)..'..w...................
#.........###.w....>..######...##
##.......## #.#w#.###.# #..##
##.....## #..†@....[# #.##
##...## #####.##### #.# ##'## #÷#
#.#### #.# #.# #..... ##.#######
#.# #..### #........# #.# #..###
##...####.# #.# #....#
#......##.#####.# ##....
##..<...........# ##...


You could see 3 worms.

Vanquished Creatures
  Jessica (D:2)
  Natasha (twice) (D:2)
  2 adders (D:3)
  An ooze (D:2)
  7 worms
  2 dart slugs
  4 leopard geckos
  6 bats
  4 giant cockroaches
  5 goblins
  8 hobgoblins
  8 kobolds
  A ball python (D:1)
  7 frilled lizards
  4 rats
62 creatures vanquished.

Notes
Turn   | Place    | Note
-------+----------+-------------------------------------------
     0 | D:1      | myga the Deep Dwarf Fighter began the quest for the Orb.
     0 | D:1      | Reached XP level 1. HP: 20/20 MP: 1/1
   108 | D:1      | Reached XP level 2. HP: 22/27 MP: 2/2
   139 | D:1      | You fall through a shaft!
   389 | D:1      | Reached XP level 3. HP: 15/34 MP: 3/3
   877 | D:2      | Noticed Jessica
   879 | D:2      | Killed Jessica
   879 | D:2      | Reached skill level 1 in Axes
   879 | D:2      | Reached XP level 4. HP: 33/42 MP: 3/3
  1028 | D:2      | Noticed Natasha
  1042 | D:2      | Killed Natasha
  1162 | D:2      | Reached skill level 1 in Dodging
  1329 | D:2      | Noticed Natasha
  1333 | D:2      | Killed Natasha
  1333 | D:2      | Reached XP level 5. HP: 40/49 MP: 4/4
  2116 | D:3      | Found an ornate altar of the Wu Jian Council.
  2207 | D:3      | Noticed a moth of wrath
  2209 | D:3      | Found a bloodstained altar of Trog.
  2233 | D:3      | Slain by a worm

Skill      XL: |  1  2  3  4 |
---------------+-------------+-----
Fighting       | 3 |  3.2
Axes           | 1 2 |  2.5
Shields        | 4 |  4.4
Dodging        | 1 |  1.1
Armour         | 4 |  4.1
Long Blades    | |  2.4
Throwing       | |  0.2

Action                   |  1- 3 |  4- 6 || total
-------------------------+-------+-------++-------
Melee: Long sword        |    61 |       ||    61
       War axe           |    61 |   104 ||   165
Throw: Stone             |     9 |     8 ||    17
 Abil: Heal Wounds       |     1 |     1 ||     2
  Use: Potion            |     1 |       ||     1
  Eat: Chunk             |       |     5 ||     5
Armor: Scale mail        |    52 |    50 ||   102
Dodge: Dodged            |    37 |    42 ||    79
Block: Shield            |    60 |    47 ||   107
       Rpst.: Long sword |     6 |       ||     6
